Map: Year Zero LE

Players

Lambo - Winner!

  • Race: Zerg Zerg
  • League: Grandmaster
  • Spawn Location: 11:00

Denver

  • Race: Zerg Zerg
  • League: Master
  • Spawn Location: 1:00

Event: 2019 WCS Winter Europe

VOD

Have the link to the VOD?

Description

Time

  • Played on: Feb. 3, 2019, 11:10 a.m.
  • Length: 9:59

All games in this series

Show
View Real Time Build Order
Export as new Build Order

Lambo Zerg - Winner!

Build Orders: Hatch First 

Get SALT Encoding   

  12  0:00  Drone  
  13  0:13  Overlord  
  13  0:18  Drone  
  14  0:31  Drone x2  
  16  0:49  Hatchery  
  15  0:52  Drone  
  15  0:56  Drone  
  17  0:59  Drone  
  18  1:10  Extractor  
  17  1:14  Spawning Pool  
  17  1:18  Drone  
  17  1:21  Drone  
  18  1:28  Drone  
  19  1:40  Drone  
  20  1:50  Drone  
  21  2:01  Overlord, Drone  
  22  2:02  Queen x2  
  26  2:13  Drone  
  26  2:14  Drone  
  28  2:24  Drone x2  
  30  2:35  Hatchery  
  29  2:37  Zergling x2  
  29  2:43  Zergling x2  
  31  2:46  Drone  
  32  2:52  Overlord  
  32  2:56  Zergling x2  
  33  2:59  Drone  
  33  3:03  Evolution Chamber  
  33  3:08  Drone x2  
  33  3:11  Drone x2  
  38  3:12  Drone  
  38  3:13  Drone  
  38  3:15  Drone  
  40  3:20  Roach Warren  
  40  3:25  Drone  
  40  3:27  Overlord  
  40  3:29  Zerg Missile Weapons Level 1  
  40  3:30  Drone x2  
  40  3:34  Drone  
  43  3:40  Drone  
  44  3:43  Overlord  
  44  3:50  Lair, Drone x4  
  44  3:55  Extractor  
  46  3:56  Extractor, Queen  
  46  4:01  Drone x2  
  49  4:03  Drone x2  
  49  4:09  Drone  
  52  4:20  Roach x6  
  52  4:23  Overlord  
  64  4:26  Overlord  
  64  4:33  Overlord  
  64  4:42  Roach, Overlord  
  64  4:44  Roach x2  
  64  4:45  Roach x2  
  74  4:51  Overlord  
  74  4:54  Overlord  
  73  5:01  Overseer  
  73  5:05  Roach  
  73  5:06  Roach x5  
  85  5:10  Glial Reconstitution  
  85  5:13  Drone  
  85  5:14  Drone  
  87  5:15  Overlord  
  87  5:23  Overlord  
  87  5:34  Overlord  
  87  5:35  Zerg Ground Armor Level 1  
  86  5:37  Roach x2  
  86  5:41  Overlord  
  90  5:43  Drone x3  
  90  5:44  Drone x2  
  90  5:45  Roach  
  90  5:48  Drone x3  
  100  5:51  Extractor  
  100  5:55  Roach x3  
  105  5:59  Roach  
  106  6:05  Overlord  
  106  6:11  Drone x3  
  109  6:15  Extractor  
  109  6:16  Roach x4  
  116  6:24  Drone x2  
  118  6:26  Roach x3  
  118  6:27  Roach x2  
  118  6:30  Overlord  
  118  6:31  Drone  
  129  6:34  Roach  
  129  6:36  Ravager  
  129  6:39  Roach x2  
  136  6:45  Overlord x2  
  136  6:50  Overlord  
  136  6:51  Overlord  
  136  6:55  Roach x2  
  136  6:56  Ravager  
  136  6:57  Roach x2  
  145  7:01  Overlord  
  145  7:05  Roach x4  
  153  7:09  Roach x2  
  153  7:11  Overlord  
  153  7:12  Ravager  
  158  7:17  Roach x3  
  162  7:23  Roach x3  
  164  7:31  Roach x3  
  167  7:37  Roach x2  
  167  7:38  Roach x2  
  167  7:39  Roach  
  167  7:40  Roach  
  167  7:42  Roach  
  164  7:48  Roach  
  164  7:49  Roach x2  
  160  7:53  Roach x2  
  150  7:59  Roach x2  
  150  8:03  Roach  
  150  8:04  Roach  
  125  8:08  Roach  
  125  8:12  Roach  
  114  8:18  Ravager x2  
  114  8:19  Roach x2  
  120  8:26  Roach x2  
  120  8:27  Roach  
  126  8:30  Drone  
  127  8:34  Roach x2  
  127  8:40  Roach x2  
  135  8:49  Roach x3  
  135  8:54  Roach x2  
  145  8:57  Roach  
  145  9:01  Roach  
  149  9:04  Roach  
  149  9:08  Roach x2  
  155  9:11  Roach  
  155  9:16  Roach x2  
  161  9:19  Ravager  
  161  9:22  Roach  
  164  9:26  Roach x2  
  158  9:32  Roach x2  
  158  9:36  Roach  
  164  9:39  Roach  
Show
View Real Time Build Order
Export as new Build Order

Denver Zerg 

Build Orders: Hatch First 

Get SALT Encoding   

  12  0:00  Drone  
  13  0:13  Overlord  
  13  0:18  Drone  
  14  0:31  Drone x2  
  16  0:49  Hatchery  
  15  0:53  Drone  
  15  0:56  Drone  
  17  1:01  Drone  
  18  1:10  Extractor  
  17  1:15  Spawning Pool  
  16  1:19  Drone  
  16  1:22  Drone  
  18  1:29  Drone  
  19  1:39  Drone  
  20  1:52  Drone  
  21  2:01  Queen  
  21  2:02  Drone x2  
  21  2:04  Queen  
  27  2:11  Overlord  
  27  2:16  Zergling x2  
  28  2:27  Overlord  
  28  2:31  Drone  
  28  2:33  Drone x2  
  31  2:38  Lair  
  31  2:40  Queen  
  33  2:45  Drone x2  
  33  2:50  Evolution Chamber  
  34  2:55  Drone x2  
  36  3:05  Roach Warren  
  35  3:07  Drone x2  
  35  3:10  Drone  
  38  3:13  Drone  
  38  3:14  Drone  
  38  3:16  Drone  
  41  3:21  Zerg Missile Weapons Level 1  
  41  3:25  Overlord  
  41  3:31  Extractor x2  
  41  3:32  Drone x2  
  41  3:34  Drone  
  41  3:36  Drone  
  41  3:39  Overlord  
  43  3:44  Glial Reconstitution  
  43  3:46  Drone x2  
  43  3:48  Drone  
  46  3:53  Overlord  
  46  3:56  Drone  
  46  4:01  Drone x2  
  49  4:03  Roach x2  
  49  4:09  Roach x2  
  57  4:13  Overlord  
  57  4:27  Roach  
  57  4:30  Hatchery, Drone x2  
  60  4:32  Overseer  
  60  4:35  Drone x2  
  60  4:36  Drone  
  60  4:38  Drone  
  64  4:42  Evolution Chamber  
  63  4:46  Drone x3  
  63  4:49  Overlord  
  66  4:55  Roach  
  66  4:56  Roach  
  66  4:59  Overlord  
  69  5:04  Roach  
  69  5:05  Roach, Extractor  
  72  5:10  Zerg Ground Armor Level 1  
  72  5:12  Roach  
  74  5:16  Zerg Missile Weapons Level 2  
  74  5:18  Drone x2  
  76  5:23  Roach  
  76  5:26  Overlord, Drone  
  79  5:29  Roach  
  81  5:37  Roach  
  81  5:38  Roach x3  
  89  5:44  Roach x2  
  95  5:50  Roach  
  95  5:54  Roach x4  
  103  5:59  Overlord  
  103  6:03  Roach  
  105  6:05  Overlord  
  105  6:08  Overlord  
  105  6:11  Overlord  
  105  6:13  Overlord  
  105  6:24  Overlord  
  105  6:25  Roach x4  
  113  6:26  Overlord  
  113  6:28  Roach x4  
  113  6:32  Roach x2  
  125  6:33  Roach  
  125  6:39  Nydus Network  
  126  6:42  Roach x2  
  126  6:45  Roach  
  132  6:50  Overlord, Drone  
  132  6:53  Roach x2  
  137  6:56  Overseer  
  137  6:59  Roach x2  
  137  7:00  Overlord  
  141  7:06  Roach x2  
  145  7:10  Roach x2  
  148  7:19  Nydus Canal  
  148  7:22  Roach x4  
  156  7:23  Roach  
  155  7:32  Roach x4  
  163  7:41  Nydus Canal  
  147  7:50  Roach x6  
  147  8:03  Roach  
  147  8:04  Roach x4  
  135  8:11  Roach x4  
  125  8:15  Drone x3  
  124  8:26  Roach x6  
  136  8:31  Extractor  
  135  8:35  Roach  
  135  8:36  Roach x2  
  135  8:41  Nydus Canal  
  141  8:42  Roach x2  
  141  8:47  Roach  
  141  8:48  Roach  
  145  9:02  Roach x4  
  151  9:03  Roach x3  
  155  9:10  Roach x3  
  157  9:23  Roach x5  
  167  9:24  Overlord  
  159  9:32  Ravager  
  159  9:33  Overlord  
  159  9:36  Roach x3  
  159  9:38  Ravager  
Tags
 
Add a new tag
Caveats
  • Supply blocks, unpowered buildings, or Contaminate may cause inaccurate times.
  • Supply counts are checked every 10 seconds.